Map: Terraform LE (Void)

Players

wabbajack - Winner!

  • Race: Zerg Zerg
  • League: Gold

Boulbichou

  • Race: Terran Terran
  • League: Grandmaster

VOD

Have the link to the VOD?

Description

Time

  • Played on: July 20, 2015, 5:04 p.m.
  • Length: 6:03
Show
View Real Time Build Order
Export as new Build Order

wabbajack Zerg - Winner!

Build Orders: Hatch First 

Get SALT Encoding   

  12  0:02  Drone  
  13  0:14  Overlord  
  13  0:18  Drone  
  14  0:27  Extractor  
  14  0:28  Drone  
  15  0:34  Drone  
  16  0:37  Drone  
  17  0:56  Hatchery  
  16  0:57  Extractor  
  16  1:01  Drone  
  16  1:03  Drone  
  17  1:21  Spawning Pool  
  17  1:23  Drone x2  
  18  1:30  Drone  
  19  1:45  Overlord  
  19  1:59  Drone  
  20  2:08  Metabolic Boost, Queen  
  22  2:09  Queen  
  22  2:11  Zergling x2  
  25  2:34  Drone  
  26  2:38  Drone x2  
  26  2:39  Drone x2  
  30  2:44  Pneumatized Carapace  
  30  2:52  Overlord  
  31  2:58  Zergling x4  
  31  3:04  Zergling x2  
  33  3:16  Baneling Nest  
  32  3:29  Zergling x22  
  43  3:41  Overlord  
  43  3:42  Overlord  
  43  3:52  Spore Crawler  
  43  3:53  Drone x2  
  44  4:01  Spine Crawler  
  44  4:02  Baneling x3  
  43  4:03  Baneling  
  43  4:37  Zergling x2  
  43  4:38  Zergling x28  
Show
View Real Time Build Order
Export as new Build Order

Boulbichou Terran 

Build Orders:  

Get SALT Encoding   

  12  0:01  SCV  
  13  0:13  SCV  
  14  0:25  SCV  
  14  0:26  Supply Depot  
  15  0:47  SCV  
  15  0:48  Barracks  
  16  0:59  SCV  
  17  1:11  SCV  
  17  1:18  Command Center  
  18  1:23  SCV  
  19  1:27  Refinery  
  19  1:36  SCV  
  20  1:42  Bunker, Marine  
  21  1:53  Orbital Command  
  21  2:00  Marine  
  22  2:10  Supply Depot  
  22  2:15  Supply Depot  
  22  2:20  SCV  
  23  2:30  Engineering Bay  
  23  2:34  SCV  
  23  2:35  SCV  
  25  2:46  SCV  
  25  2:50  Refinery  
  26  2:51  Supply Depot  
  26  2:52  SCV  
  27  2:58  SCV  
  27  3:05  Orbital Command  
  28  3:09  Marine  
  28  3:11  SCV  
  30  3:16  Supply Depot  
  30  3:23  SCV  
  30  3:24  Factory  
  31  3:32  Barracks  
  31  3:34  SCV  
  31  3:35  SCV  
  31  3:38  Marine  
  34  3:43  Refinery  
  34  3:47  SCV  
  35  3:52  SCV  
  36  3:57  Barracks Tech Lab  
  36  3:59  SCV  
  37  4:04  SCV  
  38  4:11  SCV  
  38  4:13  Starport  
  38  4:16  SCV  
  40  4:23  SCV  
  41  4:25  Hi-Sec Auto Tracking  
  41  4:26  Missile Turret  
  41  4:28  SCV  
  41  4:30  Marine  
  44  4:32  Barracks Reactor  
  44  4:35  SCV  
  44  4:36  Factory Reactor  
  44  4:40  SCV  
  44  4:44  Command Center, Barracks  
  45  4:47  SCV, Marine  
  14  5:22  SCV  
  6  5:34  SCV  
  9  5:46  SCV  
Tags
 
Add a new tag
Caveats
  • Supply blocks, unpowered buildings, or Contaminate may cause inaccurate times.
  • Supply counts are checked every 10 seconds.